 Dungeon Crawl Stone Soup version 0.28.0-47-ge53b351184 (webtiles) character file.

Game seed: 1001955147766856892

76 Bruhh the Ogre Mage (level 4, 39/39 HPs)
             Began as an Ogre Earth Elementalist on Apr 28, 2022.
             Quit the game on level 3 of the Dungeon on Apr 29, 2022.
             The game lasted 00:06:12 (2807 turns).

Bruhh the Ogre Mage (Ogre Earth Elementalist)       Turns: 2807, Time: 00:06:13

Health: 39/39      AC:  3    Str: 12    XL:     4   Next: 32%
Magic:  9/9        EV: 10    Int: 18    God:
Gold:   169        SH:  0    Dex: 15    Spells: 9/10 levels left

rFire   . . .      SeeInvis .   c - +0 club
rCold   . . .      Faith    .   (no shield)
rNeg    . . .      Spirit   .   b - +0 robe
rPois   .          Reflect  .   (helmet restricted)
rElec   .          Harm     .   (no cloak)
rCorr   .          Rampage  .   (gloves unavailable)
Will    .....                   (boots unavailable)
Stlth   ++........              (no amulet)
HPRegen 0.13/turn               i - +6 ring of dexterity
MPRegen 0.11/turn               (no ring)

@: no status effects
A: large, unfitting armour, tough skin 1
a: no special abilities


You were on level 3 of the Dungeon.
You visited 1 branch of the dungeon, and saw 3 of its levels.

You collected 169 gold pieces.

Inventory:

Hand Weapons
 c - a +0 club (weapon)
Armour
 b - a +0 robe (worn)
Jewellery
 i - a +6 ring of dexterity (left hand)
Scrolls
 e - a scroll of fog {unknown}
 h - a scroll of identify {unknown}
 j - a scroll of noise {unknown}
 k - a scroll of immolation {unknown}
 l - a scroll of vulnerability {unknown}
Potions
 a - 3 potions of curing {unknown}
 d - 2 potions of lignification {unknown}
 f - a potion of attraction {unknown}
 g - 2 potions of heal wounds {unknown}
 m - a potion of invisibility {unknown}


   Skills:
 - Level 1.7 Dodging
 - Level 1.4 Stealth
 + Level 3.9 Spellcasting
 - Level 0.8 Transmutations
 + Level 3.7 Earth Magic


You had 9 spell levels left.
You knew the following spells:

 Your Spells              Type           Power      Damage    Failure   Level
a - Sandblast             Erth           34%        2d9       3%          1

Your spell library contained the following spells:

 Spells                   Type           Power      Damage    Failure   Level
 Passwall                 Tmut/Erth      9%         N/A       9%          2
 Stone Arrow              Conj/Erth      20%        3d8       21%         3
 Petrify                  Tmut/Erth      11%        N/A       50%         4


Dungeon Overview and Level Annotations

Branches:
Dungeon (3/15)

Altars:
Trog
Yredelemnul

Annotations:
D:3 Grinder, Terence


Innate Abilities, Weirdness & Mutations

You are too large for most types of armour.
You have tough skin. (AC +1)


Message History

No target in view!
No target in view!
No target in view!
HP restored.
A jackal comes into view.
You see here a jackal corpse.
A jackal is nearby!
A jackal is nearby!
A jackal is nearby!
The jackal barks!
The jackal barely misses you. The jackal bites you.
You hit the jackal.
The jackal is severely wounded.
The jackal barely misses you. x2
You hit the jackal.
The jackal is almost dead.
The jackal bites you.
You hit the jackal.
You kill the jackal!
No target in view!
No target in view!
No target in view!
No target in view!
No target in view!
No target in view!
No target in view!
No target in view!
No target in view!
No target in view!
You see here a jackal corpse.
You see here a jackal corpse.
You see here a jackal corpse.
There is a stone staircase leading down here.
Grinder comes into view.
Found 8 gold pieces.
Grinder is nearby!
Grinder is nearby!
Grinder is nearby!
There is a stone staircase leading down here.
Are you sure you want to abandon this character and quit the game? (Confirm with "yes".)

.......5
#.................#
########
#...###............
##.## #.###..####.#
#.# #>.....# #.#
#.# #.####.# #(#
###.####.# #.####.#
#...<....# #.....>.
#.#.###### ######.#
#.#@# #.. # #.# ###
#.# #.# #.# #.# #[#
#.# #.#


There were no monsters in sight!

Vanquished Creatures
  3 adders (D:2)
  A dart slug (D:1)
  3 orcs (D:3)
  2 bats (D:2)
  4 endoplasms
  A giant cockroach (D:2)
  7 hobgoblins
  2 jackals (D:3)
  5 quokkas
  2 ball pythons
  3 goblins
  2 kobolds (D:1)
  4 rats
39 creatures vanquished.

Vanquished Creatures (others)
  A plant (D:1)
1 creature vanquished.

Grand Total: 40 creatures vanquished

Notes
Turn   | Place    | Note
-------+----------+-------------------------------------------
     0 | D:1      | Bruhh the Ogre Earth Elementalist began the quest for the
                  | Orb.
     0 | D:1      | Reached XP level 1. HP: 16/16 MP: 3/3
   529 | D:1      | Reached XP level 2. HP: 24/24 MP: 3/5
  1127 | D:1      | Reached XP level 3. HP: 31/31 MP: 5/7
  1780 | D:2      | Found a faded altar of an unknown god.
  1936 | D:2      | Reached XP level 4. HP: 39/39 MP: 6/9
  2584 | D:3      | Found a bloodstained altar of Trog.
  2584 | D:3      | Found a basalt altar of Yredelemnul.
  2621 | D:3      | Noticed Terence
  2769 | D:3      | Noticed Grinder
  2807 | D:3      | Quit the game

Illustrated notes

Levels and vault maps discovered:
D:1:      eino_arrival_tree_alley, layout_loops_corners
D:2:      layout_loops_ring, hellmonk_ecumenical_altar_zigzags,
          grunt_decor_arrowhead
D:3:      layout_loops_ring, mainiacjoe_overflow_alcove_1,
          gammafunk_temple_overflow_wave, eino_curves_02, uniq_terence,
          uniq_grinder, uniq_jessica

Skill      XL: |  1  2 |
---------------+-------+-----
Earth Magic    | 3 |  3.7
Spellcasting   | 3 |  3.9
Dodging        | |  1.7
Stealth        | |  1.4
Transmutations | |  0.8

Action                   |  1- 3 |  4- 6 || total
-------------------------+-------+-------++-------
Melee: Unarmed           |    25 |    26 ||    51
       Club              |       |    22 ||    22
       Punch             |       |     2 ||     2
 Cast: Sandblast         |    39 |     6 ||    45
 Stab: Sleeping          |       |     1 ||     1
Armor: Robe              |    12 |    15 ||    27
Dodge: Dodged            |    16 |    25 ||    41
